% Time on Ice - OKANAGAN RATTLESNAKES
Lines # - Real PCT - Wanted PCT - Time Play
Normal Forward
1 - 30% - 36% - 14:17
2 - 28% - 31% - 13:28
3 - 27% - 23% - 12:59
4 - 15% - 10% - 7:22
Normal Defense
1 - 35% - 36% - 16:53
2 - 34% - 31% - 16:18
3 - 27% - 23% - 12:51
4 - 4% - 10% - 2:04
PP Forward
1 - 40% - 55% - 1:36
2 - 60% - 45% - 2:22
PP Defense
1 - 57% - 55% - 2:15
2 - 43% - 45% - 1:43
PK Forward
1 - 60% - 55% - 4:45
2 - 40% - 45% - 3:11
PK Defense
1 - 34% - 55% - 2:40
2 - 66% - 45% - 5:16
PK3 Forward
1 - 0% - 55%
2 - 0% - 45%
PK3 Defense
1 - 0% - 55%
2 - 0% - 45%
44 Forward
1 - 0% - 55%
2 - 0% - 45%
44 Defense
1 - 0% - 55%
2 - 0% - 45%
Last Minute Offensive  - 0:00
Last Minute Defensive  - 0:00
Total
Forward - 60:00
Defense - 60:00
% Time on Ice - LONG BEACH BARACUDAS
Lines # - Real PCT - Wanted PCT - Time Play
Normal Forward
1 - 39% - 39% - 18:42
2 - 34% - 33% - 16:14
3 - 21% - 20% - 9:52
4 - 7% - 8% - 3:18
Normal Defense
1 - 34% - 36% - 16:32
2 - 33% - 31% - 15:51
3 - 29% - 23% - 14:03
4 - 3% - 10% - 1:40
PP Forward
1 - 44% - 55% - 3:28
2 - 56% - 45% - 4:28
PP Defense
1 - 43% - 55% - 3:27
2 - 57% - 45% - 4:29
PK Forward
1 - 75% - 55% - 2:58
2 - 25% - 45% - 1:00
PK Defense
1 - 61% - 55% - 2:24
2 - 39% - 45% - 1:34
PK3 Forward
1 - 0% - 55%
2 - 0% - 45%
PK3 Defense
1 - 0% - 55%
2 - 0% - 45%
44 Forward
1 - 0% - 55%
2 - 0% - 45%
44 Defense
1 - 0% - 55%
2 - 0% - 45%
Last Minute Offensive  - 0:00
Last Minute Defensive  - 0:00
Total
Forward - 60:00
Defense - 60:00
Play-by-Play 1st period 0:01 of 1st period - Kyle Connor wins face-off versus Jujhar Khaira in neutral zone. 0:08 of 1st period - Shot by Ryan O'Reilly. 0:08 of 1st period - Stopped by James Reimer without a rebound. 0:09 of 1st period - William Karlsson wins face-off versus Lars Eller in OKANAGAN RATTLESNAKES zone. 0:17 of 1st period - Shot by Seth Jarvis. 0:17 of 1st period - Shot Misses the Net. 0:29 of 1st period - Shot by William Karlsson. 0:29 of 1st period - Deflect By Brock Boeser. 0:29 of 1st period - Shot Misses the Net. 0:31 of 1st period - Shot by William Karlsson. 0:31 of 1st period - Shot Blocked by Jeremy Lauzon. 0:33 of 1st period - Shot by Seth Jarvis. 0:33 of 1st period - Shot Misses the Net. 1:08 of 1st period - Shot by Ryan O'Reilly. 1:08 of 1st period - Stopped by James Reimer without a rebound. 1:09 of 1st period - Casey Cizikas wins face-off versus Jaden Schwartz in OKANAGAN RATTLESNAKES zone. 2:04 of 1st period - Icing by Esa Lindell. 2:05 of 1st period - Jujhar Khaira wins face-off versus Ryan O'Reilly in OKANAGAN RATTLESNAKES zone. 2:12 of 1st period - Sam Reinhart is hit by T.J. Oshie and loses puck. 2:17 of 1st period - Shot by Anders Lee. 2:17 of 1st period - Shot Misses the Net. 2:25 of 1st period - Shot by Anders Lee. 2:25 of 1st period - Shot Blocked by Anton Stralman. 2:27 of 1st period - Shot by Colton Parayko. 2:27 of 1st period - Shot Misses the Net. 2:29 of 1st period - Shot by T.J. Oshie. 2:29 of 1st period - Stopped by Ukko-Pekka Luukkonen with a rebound. 2:31 of 1st period - Shot by T.J. Oshie. 2:31 of 1st period - Shot Misses the Net. 2:33 of 1st period - Shot by Jujhar Khaira. 2:33 of 1st period - Stopped by Ukko-Pekka Luukkonen without a rebound. 2:34 of 1st period - William Karlsson wins face-off versus Oskar Sundqvist in LONG BEACH BARACUDAS zone. 2:47 of 1st period - Shot by Brock Boeser. 2:47 of 1st period - Stopped by James Reimer without a rebound. 2:48 of 1st period - Casey Cizikas wins face-off versus Peyton Krebs in OKANAGAN RATTLESNAKES zone. 3:36 of 1st period - Shot by T.J. Oshie. 3:36 of 1st period - Stopped by Ukko-Pekka Luukkonen without a rebound. 3:37 of 1st period - Ryan O'Reilly wins face-off versus Jujhar Khaira in LONG BEACH BARACUDAS zone. 4:27 of 1st period - Icing by Sam Reinhart. 4:28 of 1st period - Ryan O'Reilly wins face-off versus Blake Coleman in LONG BEACH BARACUDAS zone. 4:28 of 1st period - Ryan O'Reilly is hit by Blake Coleman. 5:00 of 1st period - Brock Boeser is hit by Lars Eller and loses puck. 5:04 of 1st period - Icing by Brock Boeser. 5:05 of 1st period - Oskar Sundqvist wins face-off versus William Karlsson in LONG BEACH BARACUDAS zone. 5:05 of 1st period - Oskar Sundqvist is hit by Anton Stralman. 5:22 of 1st period - Nazem Kadri is hit by Anton Stralman and loses puck. 5:55 of 1st period - Minor Penalty to Oskar Sundqvist for Hooking. 5:56 of 1st period - Casey Cizikas wins face-off versus Sam Reinhart in OKANAGAN RATTLESNAKES zone. 6:12 of 1st period - Sam Reinhart is hit by Jeremy Lauzon and loses puck. 6:16 of 1st period - Sam Reinhart is hit by Jeremy Lauzon and loses puck. 6:20 of 1st period - Sam Reinhart is hit by Jeremy Lauzon and loses puck. 6:40 of 1st period - Seth Jarvis is hit by Jeremy Lauzon. 7:28 of 1st period - Esa Lindell is hit by Boris Katchouk and loses puck. 8:01 of 1st period - Shot by Brock Boeser. 8:01 of 1st period - Stopped by James Reimer without a rebound. 8:02 of 1st period - Derek Stepan wins face-off versus Oskar Sundqvist in OKANAGAN RATTLESNAKES zone. 8:31 of 1st period - Shot by Teuvo Teravainen. 8:31 of 1st period - Shot Hit the Post. 8:57 of 1st period - Shot by Ryan O'Reilly. 8:57 of 1st period - Stopped by James Reimer without a rebound. 8:58 of 1st period - Casey Cizikas wins face-off versus William Karlsson in OKANAGAN RATTLESNAKES zone. 9:25 of 1st period - Shot by Kevin Labanc. 9:25 of 1st period - Stopped by Ukko-Pekka Luukkonen without a rebound. 9:26 of 1st period - T.J. Oshie wins face-off versus Ryan O'Reilly in LONG BEACH BARACUDAS zone. 9:31 of 1st period - Shot by Anders Lee. 9:31 of 1st period - Stopped by Ukko-Pekka Luukkonen without a rebound. 9:32 of 1st period - Ryan O'Reilly wins face-off versus Anders Lee in LONG BEACH BARACUDAS zone. 9:46 of 1st period - Icing by Jeremy Lauzon. 9:47 of 1st period - William Karlsson wins face-off versus Jujhar Khaira in OKANAGAN RATTLESNAKES zone. 10:40 of 1st period - Icing by Blake Coleman. 10:41 of 1st period - Ryan O'Reilly wins face-off versus Lars Eller in OKANAGAN RATTLESNAKES zone. 10:54 of 1st period - Shot by Ryan O'Reilly. 10:54 of 1st period - Shot Blocked by Esa Lindell. 10:56 of 1st period - Shot by Sam Reinhart. 10:56 of 1st period - Stopped by James Reimer with a rebound. 10:58 of 1st period - Shot by Ryan O'Reilly. 10:58 of 1st period - Stopped by James Reimer without a rebound. 10:59 of 1st period - Casey Cizikas wins face-off versus Teuvo Teravainen in OKANAGAN RATTLESNAKES zone. 11:08 of 1st period - Shot by Casey Cizikas. 11:08 of 1st period - Shot Misses the Net. 11:10 of 1st period - Shot by Arber Xhekaj. 11:10 of 1st period - Stopped by Ukko-Pekka Luukkonen without a rebound. 11:11 of 1st period - Lars Eller wins face-off versus Ryan O'Reilly in LONG BEACH BARACUDAS zone. 11:27 of 1st period - Off-side. 11:28 of 1st period - Derek Stepan wins face-off versus Jujhar Khaira in neutral zone. 13:09 of 1st period - Icing by William Karlsson. 13:10 of 1st period - William Karlsson wins face-off versus Lars Eller in LONG BEACH BARACUDAS zone. 13:15 of 1st period - Lars Eller is hit by Seth Jarvis and loses puck. 13:22 of 1st period - William Karlsson is hit by Blake Coleman and loses puck. 14:17 of 1st period - Shot by Casey Cizikas. 14:17 of 1st period - Shot Misses the Net. 14:19 of 1st period - Shot by Casey Cizikas. 14:19 of 1st period - Shot Misses the Net. 14:21 of 1st period - Shot by Kevin Labanc. 14:21 of 1st period - Goal by Kevin Labanc - OKANAGAN RATTLESNAKES : 1 - LONG BEACH BARACUDAS : 0. 14:22 of 1st period - Ryan O'Reilly wins face-off versus Oskar Sundqvist in neutral zone. 15:16 of 1st period - Minor Penalty to Calvin De Haan for Diving. 15:17 of 1st period - Lars Eller wins face-off versus Teuvo Teravainen in LONG BEACH BARACUDAS zone. 15:25 of 1st period - Shot by Blake Coleman. 15:25 of 1st period - Shot Misses the Net. 15:27 of 1st period - Shot by Esa Lindell. 15:27 of 1st period - Stopped by Ukko-Pekka Luukkonen without a rebound. 15:28 of 1st period - Lars Eller wins face-off versus Teuvo Teravainen in LONG BEACH BARACUDAS zone. 15:53 of 1st period - Shot by Blake Coleman. 15:53 of 1st period - Shot Blocked by Zachary Werenski. 15:57 of 1st period - Shot by Mike Hoffman. 15:57 of 1st period - Shot Misses the Net. 16:20 of 1st period - Ryan O'Reilly is hit by Casey Cizikas. 17:01 of 1st period - Icing by Esa Lindell. 17:02 of 1st period - Teuvo Teravainen wins face-off versus Lars Eller in OKANAGAN RATTLESNAKES zone. 17:39 of 1st period - Shot by Kyle Connor. 17:39 of 1st period - Stopped by James Reimer without a rebound. 17:40 of 1st period - William Karlsson wins face-off versus Casey Cizikas in OKANAGAN RATTLESNAKES zone. 18:21 of 1st period - Shot by Sam Reinhart. 18:21 of 1st period - Shot Misses the Net. 18:23 of 1st period - Shot by Sam Reinhart. 18:23 of 1st period - Shot Misses the Net. 18:25 of 1st period - Shot by Matt Irwin. 18:25 of 1st period - Shot Misses the Net. 18:49 of 1st period - Shot by Kyle Connor. 18:49 of 1st period - Goal by Kyle Connor - OKANAGAN RATTLESNAKES : 1 - LONG BEACH BARACUDAS : 1. 18:50 of 1st period - Jaden Schwartz wins face-off versus Lars Eller in neutral zone. 18:59 of 1st period - Shot by Lars Eller. 18:59 of 1st period - Shot Misses the Net. 19:01 of 1st period - Shot by Blake Coleman. 19:01 of 1st period - Stopped by Ukko-Pekka Luukkonen without a rebound. 19:02 of 1st period - Jujhar Khaira wins face-off versus Peyton Krebs in LONG BEACH BARACUDAS zone. 19:10 of 1st period - Off-side. 19:11 of 1st period - Ryan O'Reilly wins face-off versus Lars Eller in neutral zone. 19:24 of 1st period - Shot by Ryan O'Reilly. 19:24 of 1st period - Stopped by James Reimer with a rebound. 19:26 of 1st period - Shot by Sam Reinhart. 19:26 of 1st period - Shot Blocked by Colton Parayko. 19:34 of 1st period - Shot by Kyle Connor. 19:34 of 1st period - Stopped by James Reimer without a rebound. 19:35 of 1st period - Jujhar Khaira wins face-off versus Derek Stepan in OKANAGAN RATTLESNAKES zone. 19:45 of 1st period - Shot by Teuvo Teravainen. 19:45 of 1st period - Shot Blocked by Jeremy Lauzon. Goals for this period are 1 for OKANAGAN RATTLESNAKES vs 1 for LONG BEACH BARACUDAS. Shots for this period are 9 for OKANAGAN RATTLESNAKES vs 11 for LONG BEACH BARACUDAS. 2nd period 0:01 of 2nd period - Jujhar Khaira wins face-off versus Ryan O'Reilly in neutral zone. 0:01 of 2nd period - Jujhar Khaira is hit by Kyle Connor. 0:30 of 2nd period - Minor Penalty to Kyle Connor for Holding. 0:31 of 2nd period - Teuvo Teravainen wins face-off versus Lars Eller in LONG BEACH BARACUDAS zone. 0:49 of 2nd period - Shot by Jeremy Lauzon. 0:49 of 2nd period - Shot Misses the Net. 1:03 of 2nd period - Shot by Colton Parayko. 1:03 of 2nd period - Shot Blocked by Teuvo Teravainen. 1:29 of 2nd period - Shot by Anders Lee. 1:29 of 2nd period - Shot Blocked by Alexander Romanov. 2:08 of 2nd period - Icing by Colton Parayko. 2:09 of 2nd period - Lars Eller wins face-off versus Ryan O'Reilly in OKANAGAN RATTLESNAKES zone. 2:17 of 2nd period - Shot by Jeremy Lauzon. 2:17 of 2nd period - Stopped by Ukko-Pekka Luukkonen without a rebound. 2:18 of 2nd period - Ryan O'Reilly wins face-off versus Jujhar Khaira in LONG BEACH BARACUDAS zone. 2:30 of 2nd period - Shot by Anders Lee. 2:30 of 2nd period - Shot Misses the Net. 3:27 of 2nd period - Shot by Blake Coleman. 3:27 of 2nd period - Shot Misses the Net. 3:29 of 2nd period - Shot by Lars Eller. 3:29 of 2nd period - Stopped by Ukko-Pekka Luukkonen with a rebound. 3:31 of 2nd period - Shot by Blake Coleman. 3:31 of 2nd period - Goal by Blake Coleman - OKANAGAN RATTLESNAKES : 2 - LONG BEACH BARACUDAS : 1. 3:32 of 2nd period - William Karlsson wins face-off versus Casey Cizikas in neutral zone. 3:35 of 2nd period - Shot by Brock Boeser. 3:35 of 2nd period - Stopped by James Reimer without a rebound. 3:36 of 2nd period - Jujhar Khaira wins face-off versus William Karlsson in OKANAGAN RATTLESNAKES zone. 3:45 of 2nd period - Shot by Anders Lee. 3:45 of 2nd period - Shot Blocked by Brock Boeser. 3:47 of 2nd period - Shot by Jujhar Khaira. 3:47 of 2nd period - Shot Misses the Net. 3:49 of 2nd period - Shot by Anders Lee. 3:49 of 2nd period - Shot Misses the Net. 3:51 of 2nd period - Shot by Anders Lee. 3:51 of 2nd period - Stopped by Ukko-Pekka Luukkonen without a rebound. 3:52 of 2nd